 Dungeon Crawl Stone Soup version 0.16-a0-3493-gd9d85f0 (webtiles) character file.

49 4tharraofdagon the Stinger (level 3, -1/24 HPs)
             Began as a Mummy Venom Mage on Jan 4, 2015.
             Slain by a gnoll
             ... wielding a +1 spear of venom
              (5 damage)
             ... on level 2 of the Dungeon.
             The game lasted 00:04:14 (708 turns).

4tharraofdagon the Stinger (Mummy Venom Mage)        Turns: 708, Time: 00:04:15

Health: -1/24      AC:  2    Str: 11    XL:     3   Next: 51%
Magic:  0/6        EV: 12    Int: 15    God:
Gold:   89         SH:  0    Dex: 12    Spells: 2 memorised, 3 levels left

rFire  x . .     SeeInvis .     c - +2 dagger (drain)
rCold  + . .     Clarity  .     a - +0 robe
rNeg   + + +     SustAb   .     (no shield)
rPois  ∞         Gourm    .     (no helmet)
rElec  .         Spirit   .     (no cloak)
rCorr  .         Warding  .     (no gloves)
rMut   .         Stasis   .     (no boots)
MR     .....                    (no amulet)
Stlth  ++........               (no ring)
                                (no ring)

@: not resistant to hostile enchantments, unstealthy
A: no food or potions, fire vulnerability, restore body, cold resistance 1,
negative energy resistance 3, poison resistance, torment resistance, unbreathing
a: no special abilities


You were on level 2 of the Dungeon.
You were not hungry.

You visited 1 branch of the dungeon, and saw 2 of its levels.

You collected 89 gold pieces.

Inventory:

Hand weapons
 c - a +2 dagger of draining (weapon)
Armour
 a - a +0 robe (worn)
Scrolls
 d - a scroll of enchant armour {unknown}
 e - a scroll of identify {unknown}
 f - a scroll of recharging {unknown}
Books
 b - a Young Poisoner's Handbook

   Spells                             Type                      Level
   a - Sting                          Conjuration/Poison           1
   b - Cure Poison                    Poison                       2
   c - Mephitic Cloud                 Conjuration/Poison/Air       3
   d - Olgreb's Toxic Radiance        Poison                       4
   e - Venom Bolt                     Conjuration/Poison           5


   Skills:
 - Level 1.5 Dodging
 - Level 1.5 Stealth
 + Level 2.6 Spellcasting
 * Level 2.1 Conjurations
 - Level 3.2 Poison Magic


You had 3 spell levels left.
You knew the following spells:

 Your Spells              Type           Power        Failure   Level  Hunger
a - Sting                 Conj/Pois      ##..         10%         1    N/A
b - Mephitic Cloud        Conj/Pois/Air  #.......     34%         3    N/A

Dungeon Overview and Level Annotations

Branches:
Dungeon (2/15)

Altars:


Innate Abilities, Weirdness & Mutations

You do not eat or drink.
Your flesh is vulnerable to fire.
Your flesh is cold resistant.
You are immune to negative energy.
Your system is resistant to poisons.
You are immune to unholy pain and torment.
You can survive without breathing.


Message History

The kobold hits you with a short sword.
You closely miss the kobold.
The gnoll hits you from afar with a spear of venom.
* * * LOW HITPOINT WARNING * * *
The kobold hits you with a short sword.
* * * LOW HITPOINT WARNING * * *
You barely miss the kobold. The gnoll barely misses you.
The kobold hits you with a short sword.
* * * LOW HITPOINT WARNING * * *
Unknown command.
Unknown command.
Casting: Sting
Confirm with . or Enter, or press ? or * to list all spells.
Aiming: Sting
Press: ? - help, Shift-Dir - straight line, f/p - kobold
Aim: a kobold, wielding a short sword The sting hits the kobold.
The kobold is poisoned.
The kobold is heavily wounded.
The gnoll hits you from afar with a spear of venom.
You die...

## .# #. .## ### #.
####.##...####### ####
#.##.......#...K@((##...###
.........#...#####g.......#
......<..# ##.#.).#.#
.##......# #.# .## #..###.#
#<# #....#.# #)###.#.##
#†##.#.##########.w.w....#
#.##.#.##........####.#...
.##.†....##....g....#


You could see a gnoll and a kobold.

Vanquished Creatures
  An adder (D:2)
  A gnoll (D:2)
  2 giant geckos (D:1)
  5 hobgoblins (D:1)
  5 jackals (D:1)
  A ball python (D:1)
  4 bats
  2 giant cockroaches (D:1)
  A giant newt (D:1)
  4 goblins (D:1)
  4 rats
30 creatures vanquished.

Notes
Turn   | Place    | Note
--------------------------------------------------------------
     0 | D:1      | 4tharraofdagon, the Mummy Venom Mage, began the quest for the Orb.
     0 | D:1      | Reached XP level 1. HP: 13/13 MP: 3/3
   182 | D:1      | Reached skill level 1 in Conjurations
   205 | D:1      | Reached XP level 2. HP: 16/19 MP: 0/4
   529 | D:2      | Reached XP level 3. HP: 15/24 MP: 0/6
   624 | D:2      | Learned a level 3 spell: Mephitic Cloud
   708 | D:2      | Slain by a gnoll

Action                   || total
-------------------------++-------
Melee: Dagger            ||    52
       Unarmed           ||     1
 Cast: Sting             ||    30
       Mephitic Cloud    ||     1
 Stab: Distracted        ||     2
       Sleeping          ||     1

Vault maps used:
D:1:      tarquinn_simple_flora_water_f
